 Dungeon Crawl Stone Soup version 0.25-a0-503-ge281fa673e (webtiles) character file.

Game seed: 7775525421878323977, levelgen mode: deterministic

14442 Erk the Basher (level 11, 0/148 HPs)
             Began as a Minotaur Fighter on Feb 13, 2020.
             Was a High Priest of Cheibriados.
             Slain by a swamp worm (12 damage)
             ... on level 2 of the Lair of Beasts.
             The game lasted 01:02:53 (11026 turns).

Erk the Basher (Minotaur Fighter)                  Turns: 11026, Time: 01:02:53

Health: 0/148      AC: 25    Str: 37    XL:     11   Next: 88%
Magic:  0/13       EV:  2    Int: 19    God:    Cheibriados [*****.]
Gold:   537        SH: 21    Dex: 25    Spells: 10/10 levels left

rFire    + . .     SeeInvis .   a - +1 morningstar (freeze)
rCold    . . .     Gourm    .   s - +0 tower shield
rNeg     + + +     Faith    .   (armour currently unavailable)
rPois    +         Spirit   +   (helmet currently unavailable)
rElec    .         Reflect  .   (cloak currently unavailable)
rCorr    .         Harm     .   (gloves currently unavailable)
MR       .....     NoTele   +   (boots currently unavailable)
Stlth    +.........             t - amulet of guardian spirit
HPRegen  0.34/turn              J - ring of protection from fire
MPRegen  0.13/turn              P - ring "Sithra" {rN+ Stlth-}

@: tree-form, very slow
A: (retaliatory headbutt)
a: Bend Time, Temporal Distortion, Slouch, Step From Time, Renounce Religion


You were on level 2 of the Lair of Beasts.
You worshipped Cheibriados.
Cheibriados was extremely pleased with you.
You were very hungry.
You were a tree.
You visited 2 branches of the dungeon, and saw 12 of its levels.
You also visited: Sewer and Bailey.

You collected 717 gold pieces.
You spent 180 gold pieces at shops.

Inventory:

Hand Weapons
 a - a +1 morningstar of freezing (weapon)
 b - a +2 long sword of holy wrath
 i - a +2 dagger of venom
 y - a +2 whip of electrocution
 Y - a cursed +4 halberd
Missiles
 k - 43 poisoned darts (quivered)
 D - 5 atropa-tipped darts
 M - 10 javelins
 R - 4 throwing nets
 T - 31 boomerangs
Armour
 c - a +0 plate armour (melded)
 d - a +0 troll leather armour
 g - the +1 robe of the Mantidfly {*Slow rCorr Slay+3}
   (You found it on level 4 of the Dungeon)

   It affects your accuracy and damage with ranged weapons and melee attacks
   (+3).
   It provides partial protection from all sources of acid and corrosion.
   It may slow you when you take damage.
   If you switch to wearing this armour, your AC will increase by 4 (25 -> 29).
 l - the cursed +0 pair of gloves "Xirghuar" (melded) {rF+ rCorr Str-5 SInv}
   (You bought it in a shop on level 4 of the Dungeon)

   It affects your strength (-5).
   It protects you from fire.
   It lets you see invisible.
   It provides partial protection from all sources of acid and corrosion.
   If you remove this armour, your AC will remain unchanged.
   It has a curse placed upon it.
 s - a +0 tower shield (worn)
 u - a +0 pair of boots (melded)
 x - +0 steam dragon scales
 X - a scarf of resistance (melded)
Jewellery
 t - an amulet of guardian spirit (around neck)
 E - an uncursed amulet of harm
 F - an uncursed ring of flight
 J - a ring of protection from fire (left branch)
 K - an uncursed ring of wizardry
 P - the ring "Sithra" (right branch) {rN+ Stlth-}
   (You found it on level 7 of the Dungeon)

   [ring of attention]

   It protects you from negative energy.
   It makes you less stealthy.
Wands
 e - a wand of digging (3)
 B - a wand of disintegration (19)
 U - a wand of flame (37)
Scrolls
 h - 2 scrolls of teleportation
 j - 3 scrolls of remove curse
 m - 2 scrolls of fog {unknown}
 q - 3 scrolls of blinking
 r - 7 scrolls of amnesia
 w - 2 scrolls of enchant weapon {unknown}
 C - a scroll of magic mapping {unknown}
 H - 2 scrolls of enchant armour {unknown}
 L - a scroll of noise {unknown}
 N - a scroll of random uselessness {unknown}
 O - a scroll of silence {unknown}
 Q - 3 scrolls of immolation {unknown}
 S - 2 scrolls of fear {unknown}
Potions
 n - 2 potions of magic
 o - 6 potions of curing
 v - a potion of mutation
 z - 2 potions of flight
 A - 4 potions of agility
 I - a potion of lignification
 W - 2 potions of brilliance
 Z - a potion of haste
Miscellaneous
 G - a phial of floods (inert)
Comestibles
 f - 19 rations


   Skills:
 + Level 9.9 Fighting
 - Level 2.7 Short Blades
 + Level 11.3 Maces & Flails
 - Level 6.0 Throwing
 + Level 9.8 Armour
 - Level 8.0 Dodging
 + Level 9.9 Shields
 - Level 4.0 Invocations


You had 10 spell levels left.
You didn't know any spells.
Your spell library contained the following spells:

 Spells                   Type           Power        Failure   Level  Hunger
 Magic Dart               Conj           #...         82%         1    ##.....
 Blink                    Tloc           N/A          91%         2    ###....
 Call Imp                 Summ           #.......     91%         2    ###....
 Slow                     Hex            #.......     91%         2    ###....
 Conjure Flame            Conj/Fire      #.......     99%         3    ####...
 Mephitic Cloud           Conj/Pois/Air  #.......     99%         3    ####...


Dungeon Overview and Level Annotations

Branches:
Dungeon (10/15)            Temple (0/1) D:4            Lair (2/6) D:9
  Sewer (visited)          Bailey (visited)
  Swamp: Lair:2-4    Shoals: Lair:2-4     Snake: Lair:2-4    Spider: Lair:2-4
    Orc: D:9-12

Altars:
Ashenzari
Cheibriados
Dithmenos
Hepliaklqana
Okawaru
Qazlal
Uskayaw
Vehumet
Wu Jian
Xom

Shops:
D:4 *   D:7 *

Annotations:
D:8 exclusion: upstairs, Gastronok


Innate Abilities, Weirdness & Mutations

((You reflexively headbutt those who attack you in melee.))
((You have a pair of horns on your head.))


Message History

The swamp worm is no longer moving slowly.
You block the swamp worm's attack. The swamp worm bites you!
* * * LOW HITPOINT WARNING * * *
You block the swamp worm's attack. x2
You feel better.
The swamp worm is no longer moving slowly.
You block the swamp worm's attack. The swamp worm bites you!
* * * LOW HITPOINT WARNING * * *
You feel better.
The swamp worm is no longer moving slowly. x2
The swamp worm bites you but does no damage.
You block the swamp worm's attack. x2; The swamp worm bites you.
* * * LOW HITPOINT WARNING * * *
The swamp worm bites you!
* * * LOW HITPOINT WARNING * * *
You feel better. The swamp worm bites you!
* * * LOW HITPOINT WARNING * * *
You block the swamp worm's attack. x3
You feel better. You block the swamp worm's attack. The swamp worm bites you!
You die...

...................♣...♣.♣.......
................♣♣♣♣♣♣♣♣♣♣♣♣♣....
...#..####......♣≈≈≈♣♣ ♣♣..
..##### #......♣≈≈≈≈♣ § ♣♣. ..#
#......♣≈≈≈≈♣ §§ ♣. ..#
+......♣≈≈≈≈♣§♣ ♣♣ ..#
.......♣≈≈≈≈..♣ ♣ ..#
.#......♣w≈≈...♣ ♣ ..P
###......♣ww≈..♣ ♣ .. ##
###......ww≈♣.♣♣ ♣
...#........♣.♣♣♣♣♣ .
............♣♣♣.♣.♣ ♣♣♣♣♣♣♣.
..)..........♣....♣♣♣♣.♣..♣..
......$.†....................
.............................
##....#.....#.#.#.#.#........
#...#.......##.##.##........


You could see a tyrant leech and 4 swamp worms.

Vanquished Creatures
  Harold (D:8)
  Erica (D:9)
  2 two-headed ogres
  Joseph (D:8)
  A spiny frog (Lair:1)
  A rime drake (Lair:2)
  A komodo dragon (Lair:1)
  4 polar bears (Lair:2)
  3 hippogriffs
  2 wyverns
  13 yaks
  3 basilisks
  A steam dragon (D:10)
  A swamp worm (Lair:2)
  4 water moccasins
  Duvessa (D:5)
  6 porcupines
  5 ice beasts (D:8)
  A sky beast (D:5)
  3 orc warriors
  A black bear (D:10)
  3 phantoms
  3 ogres
  2 centaurs
  4 crocodiles
  5 big kobolds
  12 bullfrogs
  3 scorpions
  Dowan (D:5)
  12 wights
  2 howler monkeys
  An electric eel (D:10)
  3 crimson imps
  6 hounds
  A bullfrog zombie (D:10)
  A jelly (D:6)
  A gnoll shaman (D:6)
  2 orc priests (D:7)
  2 bullfrog skeletons
  7 orc wizards
  4 hell rats (Lair:1)
  Terence (D:3)
  2 iguanas
  8 worker ants
  A hound zombie (D:6)
  A hound skeleton (D:4)
  A mummy (D:5)
  9 gnolls
  6 adders
  5 river rats (Lair:1)
  4 oozes
  An adder skeleton (D:7)
  2 worms
  A dart slug (D:2)
  8 leopard geckos
  29 orcs
  3 ball pythons (Sewer)
  11 bats
  5 giant cockroaches
  5 hobgoblins
  7 jackals
  32 kobolds
  5 quokkas
  8 frilled lizards
  5 goblins
  A goblin zombie (D:5)
  2 jackal skeletons
  A leopard gecko skeleton (D:5)
  An orc zombie (D:5)
  11 rats
  A plant (Sewer)
308 creatures vanquished.

Vanquished Creatures (collateral kills)
  An oklob plant (Lair:1)
1 creature vanquished.

Vanquished Creatures (others)
  A plant (Lair:1)
1 creature vanquished.

Grand Total: 310 creatures vanquished

Notes
Turn   | Place    | Note
-------+----------+-------------------------------------------
     0 | D:1      | Erk the Minotaur Fighter began the quest for the Orb.
     0 | D:1      | Reached XP level 1. HP: 19/19 MP: 0/0
   109 | D:1      | Reached XP level 2. HP: 27/27 MP: 1/1
   549 | D:1      | Reached skill level 1 in Dodging
   853 | D:1      | HP: 1/27 [something (26)]
   954 | D:2      | Found a faded altar of an unknown god.
   964 | D:2      | Reached XP level 3. HP: 8/33 MP: 2/2
  1428 | D:2      | Reached skill level 1 in Short Blades
  1830 | D:3      | Reached XP level 4. HP: 40/40 MP: 3/3
  1909 | D:3      | Noticed Terence
  1923 | D:3      | Killed Terence
  2093 | D:3      | Reached skill level 1 in Throwing
  2093 | D:3      | Reached XP level 5. HP: 43/47 MP: 4/4
  2370 | D:3      | Found a glowing drain.
  2374 | Sewer    | Entered a sewer
  2414 | Sewer    | Reached XP level 6. HP: 47/55 MP: 5/5
  2496 | Sewer    | Reached skill level 5 in Fighting
  2678 | Sewer    | Reached skill level 5 in Armour
  2678 | Sewer    | Reached skill level 5 in Shields
  3105 | D:4      | Reached skill level 3 in Maces & Flails
  3105 | D:4      | Reached XP level 7. HP: 56/61 MP: 4/6
  3117 | D:4      | Got a thick robe
  3132 | D:4      | Identified the +1 robe of the Mantidfly {*Slow rCorr
                  | Slay+3} (You found it on level 4 of the Dungeon)
  3367 | D:4      | Reached skill level 4 in Maces & Flails
  3434 | D:4      | Found Xyopopn's Assorted Antiques.
  3445 | D:4      | Bought a pair of shimmering gloves for 180 gold pieces
  3450 | D:4      | Identified the cursed +0 pair of gloves "Xirghuar" {rF+
                  | rCorr Str-5 SInv} (You bought it in a shop on level 4 of
                  | the Dungeon)
  3547 | D:4      | Found a shimmering altar of Xom.
  3550 | D:4      | Found a shadowy altar of Dithmenos.
  3553 | D:4      | Found a snail-covered altar of Cheibriados.
  3557 | D:4      | Became a worshipper of Cheibriados the Contemplative
  3613 | D:4      | Reached skill level 5 in Maces & Flails
  3714 | D:4      | Found a staircase to the Ecumenical Temple.
  3827 | D:5      | Entered Level 5 of the Dungeon
  3936 | D:5      | Noticed Dowan
  3936 | D:5      | Noticed Duvessa
  3948 | D:5      | Killed Dowan
  3948 | D:5      | Reached skill level 6 in Maces & Flails
  3958 | D:5      | Killed Duvessa
  3979 | D:5      | Reached skill level 7 in Maces & Flails
  4059 | D:5      | You fall into a shaft and drop 2 floors!
  4094 | D:7      | Reached XP level 8. HP: 58/68 MP: 7/7
  4205 | D:6      | Reached * piety under Cheibriados
  4412 | D:5      | Reached skill level 8 in Maces & Flails
  4661 | D:5      | Reached ** piety under Cheibriados
  5091 | D:6      | Found a stormy altar of Qazlal.
  5489 | D:7      | Reached XP level 9. HP: 67/78 MP: 6/8
  5536 | D:7      | Found Akiutzal's General Store.
  5561 | D:7      | Found an iron altar of Okawaru.
  5562 | D:7      | Found a radiant altar of Vehumet.
  5565 | D:7      | Found a shattered altar of Ashenzari.
  5566 | D:7      | Found a hazy altar of Hepliaklqana.
  5615 | D:7      | Got a transparent golden ring
  5616 | D:7      | Identified the ring "Sithra" {rN+ Stlth-} (You found it on
                  | level 7 of the Dungeon)
  5680 | D:7      | Reached skill level 1 in Invocations
  5821 | D:7      | Reached *** piety under Cheibriados
  6050 | D:8      | Noticed Harold
  6052 | D:8      | Noticed Gastronok
  6056 | D:8      | Noticed Joseph
  6056 | D:8      | Noticed a two-headed ogre
  6376 | D:8      | Reached skill level 5 in Dodging
  6388 | D:8      | Reached skill level 9 in Maces & Flails
  6540 | D:8      | Killed a two-headed ogre
  6888 | D:8      | Found an ornate altar of the Wu Jian Council.
  6947 | D:8      | Killed Harold
  6947 | D:8      | Reached XP level 10. HP: 59/86 MP: 7/11
  6950 | D:8      | Killed Joseph
  7085 | D:8      | Found a hide-covered altar of Uskayaw.
  7375 | D:9      | Noticed Erica
  7391 | D:9      | Killed Erica
  7439 | D:9      | Reached **** piety under Cheibriados
  7749 | D:9      | Found a shimmering altar of Xom.
  7752 | D:9      | Reached skill level 10 in Maces & Flails
  7906 | D:9      | Reached skill level 5 in Throwing
  8231 | D:9      | Found a staircase to the Lair.
  8260 | D:9      | Reached XP level 11. HP: 89/95 MP: 13/13
  8404 | D:9      | Noticed a two-headed ogre
  8412 | D:9      | Killed a two-headed ogre
  8720 | D:10     | Entered Level 10 of the Dungeon
  8785 | D:10     | Found a flagged portal.
  8810 | Bailey   | Entered a bailey
  8823 | Bailey   | Noticed an orc warlord
  8894 | Bailey   | Reached ***** piety under Cheibriados
  8928 | Bailey   | Found a runed translucent gate.
  8930 | Bailey   | Found a runed translucent gate.
  8931 | Bailey   | Found a runed translucent gate.
  9724 | Lair:1   | Entered Level 1 of the Lair of Beasts
 10066 | Lair:1   | Noticed an oklob plant
 10143 | Lair:1   | Killed an oklob plant
 10270 | Lair:1   | Reached skill level 11 in Maces & Flails
 11015 | Lair:2   | HP: 3/99 [swamp worm (9)]
 11024 | Lair:2   | HP: 6/148 [swamp worm (7)]
 11026 | Lair:2   | Slain by a swamp worm

Levels and vault maps discovered:
D:1:      dpeg_arrival_tiny_d, layout_basic, lemuel_flame_loot_1
D:2:      layout_loops_ring, chequers_ecumenical_altar_simple
D:3:      layout_basic, gup_sewer_entry_spiral, uniq_terence
D:4:      layout_loops_ring, grunt_temple_overflow_diamond,
          minmay_temple_entry_nine_rooms, serial_shops, nicolae_shop_waterfront
D:5:      layout_basic, nicolae_ossuary_entry_giza, first_ration, uniq_duvessa
D:6:      layout_loops_ring, nicolae_qazlal_general_emergency
D:7:      layout_basic, chequers_temple_overflow_statue_of_worship,
          serial_shops, shop
D:8:      layout_basic, eat_drink_and_be_merry_uskayaw,
          nicolae_overflow_crystal_walls, st_stairs_1, dk_vineyard_2,
          uniq_harold, uniq_gastronok, uniq_joseph
D:9:      layout_stronghold, minmay_lair_entry_grove, basic_altar, uniq_erica
D:10:     layout_basic, enter_bailey_2
Lair:1:   layout_roguey, kennysheep_abandoned_house, minmay_lair_oklob_chamber
Lair:2:   layout_regular_city, palyth_hydra_swamp_entry,
          cheibrodos_lair_lostbears

Skill      XL: |  1  2  3  4  5  6  7  8  9 10 11 |
---------------+----------------------------------+-----
Dodging        | 1 2 3 4 5 6 8 |  8.0
Armour         | 4 5 6 7 8 9 |  9.8
Fighting       | 4 5 6 7 8 9 |  9.9
Shields        | 4 5 6 7 8 9 |  9.9
Short Blades   | 1 2 |  2.7
Throwing       | 1 2 4 5 6 |  6.0
Maces & Flails | 3 7 8 9 10 11 | 11.3
Invocations    | 3 4 |  4.0

Action                   |  1- 3 |  4- 6 |  7- 9 | 10-12 || total
-------------------------+-------+-------+-------+-------++-------
Melee: Mace              |    28 |       |       |       ||    28
       Flail             |     6 |       |       |       ||     6
       Dagger            |    61 |   168 |       |       ||   229
       Headbutt          |    10 |    30 |    48 |    90 ||   178
       Whip              |       |    12 |    89 |       ||   101
       Hand axe          |       |     3 |       |       ||     3
       Morningstar       |       |       |   202 |   312 ||   514
Throw: Dart              |       |       |     8 |    12 ||    20
       Boomerang         |       |       |       |     9 ||     9
Invok: Bend Time         |       |       |       |     3 ||     3
Evoke: Wand              |       |       |       |     3 ||     3
       Phial of floods   |       |       |       |     1 ||     1
  Use: Scroll            |       |     7 |       |     7 ||    14
       Potion            |       |       |     1 |     8 ||     9
  Eat: Chunk             |     2 |     5 |     8 |     7 ||    22
Armor: Scale mail        |    23 |       |       |       ||    23
       Chain mail        |    10 |    58 |   101 |    38 ||   207
       Plate armour      |       |       |       |    87 ||    87
       Skin              |       |       |       |     3 ||     3
Dodge: Dodged            |    24 |    24 |    48 |    99 ||   195
Block: Kite shield       |    42 |       |       |       ||    42
       Tower shield      |     5 |   147 |   261 |   347 ||   760

Table legend:
 A = Non-vault XP
 B = Vault XP
 C = Vault XP percentage of total XP
 D = Non-vault monster count
 E = Vault monster count
 F = Vault count percentage of total count
                 A         B        C        D         E       F
            +---------+---------+-------+---------+---------+-------
      Total |   13028 |    7604 |  36.9 |     213 |      95 |  30.8
            +---------+---------+-------+---------+---------+-------
        D:1 |      37 |       0 |   0.0 |      17 |       0 |   0.0
        D:2 |      59 |       0 |   0.0 |      19 |       0 |   0.0
        D:3 |     119 |      48 |  28.7 |      17 |       6 |  26.1
        D:4 |     310 |       0 |   0.0 |      12 |       0 |   0.0
        D:5 |     616 |     229 |  27.1 |      24 |       5 |  17.2
        D:6 |     665 |       0 |   0.0 |      19 |       0 |   0.0
        D:7 |    1158 |       0 |   0.0 |      25 |       0 |   0.0
        D:8 |    2359 |    1579 |  40.1 |      18 |       4 |  18.2
        D:9 |    2010 |    2618 |  56.6 |      19 |      12 |  38.7
       D:10 |    2395 |       0 |   0.0 |      25 |       0 |   0.0
     Lair:1 |    2846 |    1003 |  26.1 |      16 |      15 |  48.4
     Lair:2 |     454 |    1386 |  75.3 |       2 |       5 |  71.4
      Sewer |       0 |     436 | 100.0 |       0 |      24 | 100.0
     Bailey |       0 |     305 | 100.0 |       0 |      24 | 100.0
            +---------+---------+-------+---------+---------+-------
